 Dungeon Crawl Stone Soup version 0.28-a0-1241-gf280a0fbb2 (webtiles) character file.

Game seed: 13720699346913217754

1920 ChaosChampion the Martial Artist (level 9, -3/55 HPs)
             Began as an Octopode Transmuter on Dec 26, 2021.
             Was a Believer of Cheibriados.
             Slain by Psyche (11 damage)
             ... on level 8 of the Dungeon.
             The game lasted 00:13:13 (9418 turns).

ChaosChampion the Martial Artist (OpTm)             Turns: 9418, Time: 00:13:14

Health: -3/55      AC:  2    Str: 19    XL:     9   Next: 16%
Magic:  11/15      EV: 22    Int: 24    God:    Cheibriados [**....]
Gold:   303        SH:  0    Dex: 27    Spells: 6/16 levels left

rFire   . . .      SeeInvis .     - Unarmed
rCold   . . .      Faith    .   (shield currently unavailable)
rNeg    . . .      Spirit   .   (helmet currently unavailable)
rPois   x          Reflect  .   o - amulet of the acrobat
rElec   +          Harm     .   h - +6 ring of strength
rCorr   +          Rampage  .   l - +6 ring of dexterity
Will    .....                   j - ring of resist corrosion
Stlth   +++.......              k - ring of Tiumnyu {Fly rElec}
HPRegen 0.18/turn               (no ring)
MPRegen 0.14/turn               (no ring)
                                (no ring)
                                (no ring)

@: spider-form, wereblooded, flying, invisible, very slow
A: venomous fangs, almost no armour, (amphibious), 8 rings, tiny, (camouflage
1), (gelatinous body 1), (nimble swimmer 1), (tentacles)
a: End Transformation, Renounce Religion, Bend Time


You were on level 8 of the Dungeon.
You worshipped Cheibriados.
Cheibriados was pleased with you.
You were a venomous arachnid creature.
You visited 2 branches of the dungeon, and saw 9 of its levels.

You collected 303 gold pieces.

Inventory:

Magical Staves
 i - a staff of earth
Jewellery
 h - a +6 ring of strength (left front leg)
 j - a ring of resist corrosion (on tentacle)
 k - the ring of Tiumnyu (on tentacle) {Fly rElec}
   (You acquired it on level 9 of the Dungeon)

   [ring of flight]

   rElec:     It insulates you from electricity.
   Fly:       It grants you flight.
 l - a +6 ring of dexterity (right front leg)
 m - a ring of ice
 o - an amulet of the acrobat (around neck)
Scrolls
 a - 3 scrolls of teleportation
 b - 2 scrolls of vulnerability
 c - a scroll of enchant armour
 d - a scroll of identify
 n - a scroll of fog {unknown}
 p - a scroll of magic mapping
Potions
 f - 4 potions of lignification
 g - a potion of curing {unknown}


   Skills:
 + Level 2.8 Fighting
 + Level 3.3 Dodging
 + Level 3.7 Stealth
 - Level 8.0 Unarmed Combat
 * Level 4.1 Spellcasting
 - Level 6.0 Transmutations
 + Level 2.7 Invocations


You had 6 spell levels left.
You knew the following spells:

 Your Spells              Type           Power      Damage    Failure   Level
a - Beastly Appendage     Tmut           66%        N/A       4%          1
b - Wereblood             Tmut           33%        N/A       6%          2
c - Spider Form           Tmut/Pois      19%        N/A       22%         3
d - Ice Form              Ice/Tmut       19%        N/A       50%         4

Your spell library contained the following spells:

 Spells                   Type           Power      Damage    Failure   Level
 Animate Skeleton         Necr           8%         N/A       24%         1
 Pain                     Necr           16%        1d4       24%         1
 Slow                     Hex            16%        N/A       24%         1
 Ensorcelled Hibernation  Hex/Ice        8%         N/A       32%         2
 Blade Hands              Tmut           16%        N/A       43%         5
 Confusing Touch          Hex            4%         N/A       50%         3
 Portal Projectile        Hex/Tloc       8%         N/A       50%         3
 Tukima's Dance           Hex            4%         N/A       50%         3
 Vampiric Draining        Necr           4%         2d6       50%         3
 Excruciating Wounds      Necr           2%         N/A       99%         5
 Enfeeble                 Hex            2%         N/A       100%        7


Dungeon Overview and Level Annotations

Branches:
Dungeon (9/15)             Temple (1/1) D:6             Orc (0/2) D:9
   Lair: D:8-11

Altars:
Ashenzari
Cheibriados
Dithmenos
Elyvilon
Fedhas
Gozag
Hepliaklqana
Kikubaaqudgha
Nemelex Xobeh
Qazlal
Trog
Uskayaw
Vehumet
Xom
Zin
The Shining One

Shops:
D:9 (

Annotations:
D:8 Psyche


Innate Abilities, Weirdness & Mutations

You are a venomous arachnid creature.
You have poisonous fangs.
You are tiny and dextrous.
Your spellcasting is less reliable in this form.
Your armour is entirely melded.
You are incapable of wielding weapons or throwing items.
You cannot wear most types of armour.
((You are amphibious.))
You can wear up to eight rings at the same time.
((Your skin changes colour to match your surroundings (Stealth+).))
((Your rubbery body absorbs attacks. (AC +1, EV +1)))
((You are camouflaged when in or above water. (Stealth+)))
((You have tentacles for arms and can constrict up to eight enemies at once.))


Message History

The killer bee zombie is almost destroyed.
The killer bee zombie misses you.
A killer bee zombie is nearby!
You bite the killer bee zombie!
You destroy the killer bee zombie!
Cheibriados thoroughly appreciates the change of pace.
Your transformation has ended.
Magic restored.
Key pressed, stopping explore.
No target in view!
HP restored.
Psyche the Insane Magess comes into view.
She is wielding a +2 dagger of distortion.
Press: ? - help, v - describe, . - travel
Here: Psyche, wielding a +2 dagger of distortion and wearing a +0 robe (asleep)
The floor.
Casting: Spider Form (dangerous; 9% risk of failure)
Confirm with . or Enter, or press ? or * to list all spells.
You turn into a venomous arachnid creature.
Casting: Spider Form (dangerous; 22% risk of failure)
Confirm with . or Enter, or press ? or * to list all spells.
Your blood is infused with primal strength.
The helpless Psyche fails to defend herself.
You hit Psyche.
Psyche is poisoned.
Psyche is lightly wounded.
Psyche hits you but does no damage. Space warps horribly around you!!
You hit Psyche but do no damage.
Psyche looks even sicker.
Psyche is lightly wounded.
Psyche hits you with a +2 dagger of distortion.
Space warps horribly around you!
* * * LOW HITPOINT WARNING * * *
You bite Psyche!
Psyche is moderately wounded.
Psyche hits you with a +2 dagger of distortion.
* * * LOW HITPOINT WARNING * * *
Space warps around you.
* * * LOW HITPOINT WARNING * * *
You fade into invisibility!
Psyche closely misses you.
Psyche hits you with a +2 dagger of distortion!
You die...

## #. #. # #. .#
#.###.#####.#####
#................
######.##.#######
#(##s# #.#@.#
#.#.## #.#. #.#.
#.#. #.#. #.#.
#.#


You could see Psyche (very poisoned).

Vanquished Creatures
  A wyvern (D:9)
  Eustachio (D:6)
  2 ice beasts
  2 orc warriors (D:9)
  A necrophage (D:5)
  A sky beast (D:6)
  A centaur (D:9)
  An ogre (D:3)
  A phantom (D:5)
  A kobold brigand (D:9)
  2 scorpions (D:5)
  2 bullfrog skeletons (D:5)
  A bullfrog zombie (D:6)
  A hound (D:5)
  An orc priest (D:9)
  A centaur zombie (D:6)
  A jelly (D:6)
  2 iguanas (D:5)
  A centaur skeleton (D:5)
  Terence (D:2)
  5 orc wizards
  A killer bee zombie (D:8)
  A hound skeleton (D:4)
  2 howler monkey zombies
  4 adders
  2 white imps (D:5)
  2 adder skeletons (D:4)
  An adder zombie (D:5)
  A worm (D:2)
  19 orcs
  7 endoplasms
  2 giant cockroaches
  4 goblins (D:2)
  4 hobgoblins
  10 jackals
  2 quokkas
  3 ball pythons (D:1)
  6 bats
  10 frilled lizards
  10 kobolds
  5 rats
126 creatures vanquished.

Vanquished Creatures (others)
  3 plants (D:2)
3 creatures vanquished.

Grand Total: 129 creatures vanquished

Notes
Turn   | Place    | Note
-------+----------+-------------------------------------------
     0 | D:1      | ChaosChampion the Octopode Transmuter began the quest for
                  | the Orb.
     0 | D:1      | Reached XP level 1. HP: 13/13 MP: 3/3
   154 | D:1      | Reached XP level 2. HP: 9/18 MP: 3/5
   166 | D:1      | Learned a level 2 spell: Wereblood
   913 | D:1      | Reached XP level 3. HP: 22/23 MP: 6/6
  1663 | D:2      | Noticed Terence
  1961 | D:1      | Learned a level 3 spell: Spider Form
  1970 | D:2      | Reached skill level 4 in Unarmed Combat
  2136 | D:2      | Killed Terence
  2137 | D:2      | Reached XP level 4. HP: 11/28 MP: 2/7
  3544 | D:3      | Noticed an ogre
  3548 | D:3      | Killed an ogre
  3549 | D:3      | Reached skill level 5 in Unarmed Combat
  3549 | D:3      | Reached XP level 5. HP: 33/33 MP: 4/8
  4257 | D:5      | Entered Level 5 of the Dungeon
  4402 | D:5      | Noticed a necrophage
  4413 | D:5      | Reached XP level 6. HP: 34/38 MP: 4/9
  4622 | D:5      | Killed a necrophage
  4623 | D:5      | Reached skill level 6 in Unarmed Combat
  5145 | D:5      | Reached XP level 7. HP: 31/43 MP: 10/10
  5841 | D:5      | Reached skill level 7 in Unarmed Combat
  6232 | D:6      | Found a staircase to the Ecumenical Temple.
  6260 | Temple   | Entered the Ecumenical Temple
  6528 | Temple   | Became a worshipper of Cheibriados the Contemplative
  6560 | Temple   | HP: 1/43 [ice beast (11)]
  6564 | Temple   | Reached skill level 5 in Transmutations
  6893 | Temple   | Learned a level 4 spell: Ice Form
  7044 | D:6      | Noticed Eustachio
  7232 | D:6      | Reached XP level 8. HP: 6/48 MP: 7/11
  7633 | D:6      | Reached skill level 8 in Unarmed Combat
  7822 | D:6      | Found a white marble altar of Elyvilon.
  7839 | D:6      | Reached skill level 1 in Stealth
  8206 | D:6      | Killed Eustachio
  8207 | D:6      | Reached skill level 1 in Invocations
  8211 | D:6      | You fall into a shaft and drop 3 floors!
  8212 | D:9      | Identified a scroll of acquirement
  8212 | D:9      | Acquired the ring of Tiumnyu {Fly rElec}
  8307 | D:9      | Reached * piety under Cheibriados
  9052 | D:9      | Found Hiyrphuel's Weapon Emporium.
  9053 | D:9      | Found a staircase to the Orcish Mines.
  9082 | D:9      | Found a hide-covered altar of Uskayaw.
  9094 | D:9      | Reached XP level 9. HP: 44/55 MP: 9/14
  9276 | D:8      | Reached ** piety under Cheibriados
  9409 | D:8      | Noticed Psyche
  9418 | D:8      | Slain by Psyche

Illustrated notes

Levels and vault maps discovered:
D:1:      ncdulo_watergridlock, layout_basic
D:2:      layout_basic, minmay_lizard_king, uniq_terence
D:3:      layout_loops_corners
D:4:      layout_cave_pools, minmay_strange_pillars
D:5:      layout_basic
D:6:      layout_cave_pools, mainiacjoe_overflow_catwalk_spiral,
          lemuel_crystal_altar, minmay_temple_entry_junction, uniq_eustachio
D:8:      minmay_tri_box, layout_loops_ring, grunt_ministairs_13,
          minmay_fountain_box, lemuel_flamethrower_2, uniq_erica, uniq_psyche,
          uniq_maggie
D:9:      layout_irregular_city, nicolae_uskayaw_dance_studio, orc_david_3
Temple:   minmay_temple_curvy_branch

Skill      XL: |  1  2  3  4  5  6  7  8  9 |
---------------+----------------------------+-----
Unarmed Combat | 4 5 6 7 8 |  8.0
Transmutations | 3 4 5 6 |  6.0
Stealth        | 3 |  3.7
Invocations    | 2 |  2.7
Spellcasting   | 3 4 |  4.1
Fighting       | 2 |  2.8
Dodging        | 3 |  3.3

Action                   |  1- 3 |  4- 6 |  7- 9 || total
-------------------------+-------+-------+-------++-------
Melee: Unarmed           |    83 |    84 |   187 ||   354
       Constrict         |    17 |    19 |     5 ||    41
       Tentacles         |     8 |     8 |     5 ||    21
       Punch             |     2 |     3 |     3 ||     8
       Kick              |     7 |     7 |     2 ||    16
 Cast: Beastly Appendage |    10 |    12 |     1 ||    23
       Wereblood         |     4 |     6 |    13 ||    23
       Spider Form       |     3 |     8 |    18 ||    29
       Ice Form          |       |       |     2 ||     2
  Use: Scroll            |       |     5 |     2 ||     7
       Potion            |       |       |     2 ||     2
 Stab: Sleeping          |     4 |     4 |     2 ||    10
Armor: Skin              |     4 |     7 |    27 ||    38
Dodge: Dodged            |    53 |    68 |   179 ||   300

Table legend: (Time is in decaauts)
 A = Elapsed time spent in this place.
 B = Non-inter-level travel time spent in this place.
 C = Inter-level travel time spent in this place.
 D = Time resting spent in this place.
 E = Time spent auto-exploring this place.
 F = Levels seen in this place.
 G = Mean time per level.
                   A        B        C        D        E       F      G
               +--------+--------+--------+--------+--------+-----+--------+
         Total |   9598 |   9418 |    180 |   2857 |   5166 |   9 | 1066.4 |
       Dungeon |   8813 |   8682 |    131 |   2395 |   4920 |   8 | 1101.6 |
        Temple |    785 |    737 |     48 |    462 |    246 |   1 |  785.0 |
               +--------+--------+--------+--------+--------+-----+--------+

Top non-repeatable levels by time:
     D:1: 2204 daAuts
     D:5: 2152 daAuts
     D:3: 1259 daAuts
     D:9: 1122 daAuts
     D:2: 1086 daAuts
  Temple: 785 daAuts
     D:6: 552 daAuts
     D:4: 241 daAuts
     D:8: 193 daAuts
